 Dungeon Crawl Stone Soup version 0.19.4-9-g45fd643 (webtiles) character file.

81 Kosschaser the Shield-Bearer (level 4, -3/29 HPs)
             Began as a Gargoyle Fighter on Feb 15, 2017.
             Killed by nerve-wracking pain
             ... invoked by an orc priest
              (4 damage)
             ... on level 3 of the Dungeon.
             The game lasted 00:04:36 (1381 turns).

Kosschaser the Shield-Bearer (Gargoyle Fighter)     Turns: 1381, Time: 00:04:38

Health: -3/29      AC: 16    Str: 20    XL:     4   Next: 40%
Magic:  4/4        EV:  7    Int:  9    God:
Gold:   192        SH:  9    Dex:  9    Spells: 0 memorised, 3 levels left

rFire  . . .     SeeInvis .     a - +0 flail
rCold  . . .     Gourm    .     b - +0 scale mail
rNeg   + . .     Faith    .     c - +0 shield
rPois  ∞         Spirit   .     j - +0 helmet
rElec  +         Reflect  .     (no cloak)
rCorr  .         Harm     .     (no gloves)
MR     .....                    (no boots)
Stlth  ..........               (no amulet)
                                (no ring)
                                q - +5 ring of protection

@: no status effects
A: negative energy resistance 1, electricity resistance, unbreathing,
petrification resistance, rot immunity, AC +3
a: no special abilities


You were on level 3 of the Dungeon.
You were hungry.

You visited 1 branch of the dungeon, and saw 3 of its levels.

You collected 192 gold pieces.

Inventory:

Hand Weapons
 a - a +0 flail (weapon)
Armour
 b - a +0 scale mail (worn)
 c - a +0 shield (worn)
 j - a +0 helmet (worn)
Jewellery
 q - a +5 ring of protection (left hand)
Scrolls
 e - a scroll of amnesia {unknown}
 h - 2 scrolls of identify {unknown}
 i - a scroll of remove curse {unknown}
 k - a scroll of teleportation {unknown}
 l - a scroll of random uselessness {unknown}
 m - 3 scrolls of blinking {unknown}
 n - a scroll of fear {unknown}
 p - a scroll of magic mapping {unknown}
 r - a scroll of recharging {unknown}
 v - a scroll of noise {unknown}
 w - a scroll of enchant weapon {unknown}
Potions
 d - 2 potions of might
 s - a potion of haste {unknown}
 t - a potion of magic {unknown}
 u - a potion of curing {unknown}
 x - a potion of lignification {unknown}
Comestibles
 f - a bread ration
 g - a beef jerky
 o - 3 meat rations


   Skills:
 + Level 3.7 Fighting
 + Level 3.0 Maces & Flails
 + Level 3.8 Armour
 + Level 0.8 Dodging
 + Level 3.8 Shields


You had 3 spell levels left.
You didn't know any spells.

Dungeon Overview and Level Annotations

Branches:
Dungeon (3/15)

Altars:
Gozag
Sif Muna
Trog


Innate Abilities, Weirdness & Mutations

You are resistant to torment.
Your stone body is resilient. (AC +3)
You are immune to poison.
You resist negative energy. (rN+)
You are resistant to electric shocks. (rElec)
You can survive without breathing.
You are immune to petrification.
You are immune to rotting.


Message History

* * * LOW HITPOINT WARNING * * *
You closely miss the orc priest.
The orc priest is moderately wounded.
You block the orc's attack. The orc hits you but does no damage.
You block the orc's attack.
The orc priest hits you but does no damage.
The orc hits you but does no damage.
You closely miss the orc priest.
The orc priest is moderately wounded.
The orc hits you but does no damage. The orc barely misses you.
The orc completely misses you. The orc priest misses you.
The orc barely misses you.
You closely miss the orc priest.
The orc priest is moderately wounded.
The orc hits you with a flail.
* * * LOW HITPOINT WARNING * * *
You block the orc's attack. The orc hits you but does no damage.
The orc priest invokes the aid of Beogh against you.
Pain shoots through your body!
You die...

#. #.# #.## #.# ..# #.#
#.# #.# ###.####.#
#.._..##.###
#.#.#......# ##
########.#.####.#.# #.
#.....o@.#.####.#.# #.
#.$...ooo.........#####.
#..........##.........#.
#.#.#.###..###....###...
#.. .. #.........# ###.
#. .## #.#####.### #. #
#. .# #.# #. . ##'## ##
##...##


You could see an orc priest and 3 orcs.

Vanquished Creatures
  An orc wizard (D:3)
  An adder (D:2)
  2 giant cockroaches
  8 goblins
  10 hobgoblins
  8 jackals
  A quokka (D:2)
  A ball python (D:1)
  2 bats
  2 frilled lizards
  4 kobolds
  A rat (D:2)
41 creatures vanquished.

Notes
Turn   | Place    | Note
-------+----------+-------------------------------------------
     0 | D:1      | Kosschaser the Gargoyle Fighter began the quest for the Orb.
     0 | D:1      | Reached XP level 1. HP: 14/14 MP: 1/1
   200 | D:1      | Reached XP level 2. HP: 18/19 MP: 2/2
   602 | D:2      | Reached XP level 3. HP: 23/23 MP: 3/3
   657 | D:2      | Found an opulent altar of Gozag.
   880 | D:2      | Found a deep blue altar of Sif Muna.
  1361 | D:3      | Found a bloodstained altar of Trog.
  1375 | D:3      | Reached XP level 4. HP: 13/29 MP: 4/4
  1381 | D:3      | HP: 1/29 [orc/flail (3)]
  1381 | D:3      | Killed from afar by an orc priest

Skill      XL: |  1  2  3 |
---------------+----------+-----
Maces & Flails | 3 |  3.0
Fighting       | |  3.7
Armour         | |  3.8
Dodging        | |  0.8
Shields        | |  3.8

Action                   |  1- 3 |  4- 6 || total
-------------------------+-------+-------++-------
Melee: Flail             |   155 |     6 ||   161
  Eat: Chunk             |     1 |       ||     1
Armor: Scale mail        |   124 |     9 ||   133
Dodge: Dodged            |    65 |     8 ||    73
Block: Shield            |    92 |     7 ||    99
